 Dungeon Crawl Stone Soup version 0.20.1-1-g8b1a95d66d (webtiles) character file.

118050 Jynx the Spry (level 16, -16/138 HPs)
             Began as a Merfolk Transmuter on Dec 30, 2017.
             Was a High Priest of Okawaru.
             Demolished by a swamp worm (19 damage)
             ... on level 1 of the Swamp.
             The game lasted 01:28:46 (33037 turns).

Jynx the Spry (Merfolk Transmuter)                 Turns: 33037, Time: 01:28:47

Health: -16/138    AC:  9    Str: 12    XL:     16   Next: 75%
Magic:  22/24      EV: 31    Int: 18    God:    Okawaru [*****.]
Gold:   2480       SH:  0    Dex: 27    Spells: 11/26 levels left

rFire    + . .     SeeInvis +     - Unarmed
rCold    + . .     Gourm    .   (no shield)
rNeg     . . .     Faith    .   F - +2 robe {rC+}
rPois    +         Spirit   .   M - +1 helmet {Int+3}
rElec    .         Reflect  .   A - scarf of Henotheism {rPois Slay+6 Stlth+}
rCorr    .         Harm     .   n - +0 pair of gloves {Dex+3}
MR       ++++.                  V - +1 pair of boots of Claustrophobia {rF+ Int+3}
Stlth    ++++++....             (no amulet)
Regen    0.4/turn               N - ring of Acwur {Wiz *Corrode rPois MR+++ SInv}
MPRegen  0.2/turn               X - +4 ring of dexterity

@: drained
A: change form in water, swift swim, stealthy swim
a: Heroism, Finesse, Renounce Religion


You were on level 1 of the Swamp.
You worshipped Okawaru.
Okawaru was extremely pleased with you.
You were not hungry.

You visited 5 branches of the dungeon, and saw 26 of its levels.
You also visited: Bailey and Ice Cave.

You collected 2480 gold pieces.

Inventory:

Missiles
 a - 602 arrows
Armour
 n - a +0 pair of gloves of dexterity (worn)
 A - the scarf of Henotheism (worn) {rPois Slay+6 Stlth+}
   (Okawaru gifted it to you in an ice cave)

   It affects your accuracy and damage with ranged weapons and melee attacks
   (+6).
   It protects you from poison.
   It makes you more stealthy.
 F - a +2 robe of cold resistance (worn)
 J - a +0 cloak of magic resistance
 M - a +1 helmet of intelligence (worn)
 V - the +1 pair of boots of Claustrophobia (worn) {rF+ Int+3}
   (Okawaru gifted it to you on level 2 of the Lair of Beasts)

   It affects your intelligence (+3).
   It protects you from fire.
Jewellery
 r - an uncursed ring of protection from fire
 s - the ring "Vorphy" {*Tele +Blink rC++ rN+ Stlth-}
   (You found it on level 4 of the Dungeon)

   [ring of teleportation]

   It may teleport you next to monsters.
   It greatly protects you from cold.
   It protects you from negative energy.
   It lets you blink.
   It makes you less stealthy.
 N - the ring of Acwur (left hand) {Wiz *Corrode rPois MR+++ SInv}
   (You acquired it on level 2 of the Lair of Beasts)

   [ring of wizardry]

   It improves your spell success rate.
   It protects you from poison.
   It affects your resistance to hostile enchantments.
   It lets you see invisible.
   It may corrode you when you take damage.
 W - an uncursed ring of positive energy {unknown}
 X - a +4 ring of dexterity (right hand)
 Y - the ring "Xuoj" {rF- rC+ rN+ Int+7 Slay+5}
   (You acquired it in a bailey)

   [ring of positive energy]

   It affects your intelligence (+7).
   It affects your accuracy and damage with ranged weapons and melee attacks
   (+5).
   It makes you vulnerable to fire.
   It protects you from cold.
   It protects you from negative energy.
Wands
 b - a wand of iceblast (12/15)
 l - a wand of digging (15/24)
 C - a wand of lightning (4/15)
 D - a wand of confusion (21/48)
 E - a wand of scattershot (4/9)
 H - a wand of flame (39/48)
 I - a wand of lightning (12/15)
 T - a wand of disintegration (15/24)
Scrolls
 c - a scroll of vulnerability
 e - 11 scrolls of remove curse
 f - 2 scrolls of blinking
 g - a scroll of enchant weapon
 h - 2 scrolls of fog
 k - 5 scrolls of teleportation
 q - 4 scrolls of fear
 u - a scroll of enchant armour
 G - 3 scrolls of immolation
 K - 4 scrolls of magic mapping
 O - a scroll of recharging
Potions
 i - 3 potions of lignification
 j - 2 potions of resistance
 m - 3 potions of haste
 p - 4 potions of curing
 v - 2 potions of cancellation
 w - 2 potions of flight
 x - 2 potions of brilliance
 P - 4 potions of ambrosia
 Q - 2 potions of invisibility
 R - 3 potions of heal wounds
 S - 4 potions of might
 U - a potion of agility {unknown}
Comestibles
 d - 11 bread rations
 o - 5 fruits
 z - 4 royal jellies
 B - 14 meat rations
 Z - a chunk of flesh


   Skills:
 + Level 15.9(15.6) Fighting
 + Level 17.1(16.7) Dodging
 + Level 9.4(9.1) Stealth
 - Level 14.8(14.4) Unarmed Combat
 - Level 5.5(5.2) Spellcasting
 + Level 13.3(13.0) Transmutations
 - Level 3.6(3.3) Ice Magic
 - Level 3.2(3.0) Poison Magic
 - Level 9.0(8.7) Invocations


You had 11 spell levels left.
You knew the following spells:

 Your Spells              Type           Power        Failure   Level  Hunger
a - Beastly Appendage     Tmut           ######       1%          1    None
b - Sticks to Snakes      Tmut           ######..     1%          2    #......
c - Spider Form           Tmut/Pois      ####......   1%          3    ##.....
d - Blade Hands           Tmut           ######....   1%          5    ######.
e - Ice Form              Ice/Tmut       ####....     1%          4    ####...


Dungeon Overview and Level Annotations

Branches:
Dungeon (15/15)            Temple (1/1) D:5            Lair (6/6) D:11
  Swamp (2/4) Lair:2       Spider (0/4) Lair:3        Slime (0/5) Lair:5
    Orc (2/2) D:12            Elf (0/3) Orc:2        Vaults (0/5) D:14
 Depths (0/5) D:15

Altars:
Ashenzari
Cheibriados
Dithmenos
Elyvilon
Fedhas
Gozag
Hepliaklqana
Kikubaaqudgha
Nemelex Xobeh
Okawaru
Qazlal
Sif Muna
Trog
Uskayaw
Xom
Yredelemnul
Zin
The Shining One
Beogh
Jiyva

Shops:
Orc:2 (%:[*

Annotations:
Lair:4 exclusion: oklob plant


Message History

The alligator is engulfed in spectral mist.
The alligator dies!
There is a stone staircase leading up, spattered with blood here.
Things that are here:
a spear; a spriggan skeleton The vampire mosquito misses you.
The ghost crab breathes spectral mist at you.
The spectral mist engulfs the vampire mosquito.
You climb upwards.
A swamp worm comes into view.
There is a stone staircase leading down here.
The swamp worm bites you!!
* * * LOW HITPOINT WARNING * * *
The swamp worm misses you.
You punch the swamp worm!
The swamp worm is heavily wounded.
You hit the swamp worm.
The swamp worm is heavily wounded.
The swamp worm bites you!!
You die...

♣...≈≈≈.♣♣♣ ♣♣.≈....♣♣
♣♣..≈≈..♣♣ ♣♣..≈≈≈≈♣♣
♣♣.≈≈≈≈..♣♣ ♣♣..≈≈♣.≈..♣
♣♣♣♣♣♣♣♣♣ ♣♣≈.≈≈≈≈.§≈.♣
♣♣♣.......♣♣♣♣.≈.........♣
♣.......≈≈..w@>.♣.♣..≈≈≈.♣♣
♣♣♣......≈≈.≈♣....♣♣.≈≈≈..♣
♣.♣...≈≈..≈≈♣..♣♣♣≈≈≈≈≈.♣
♣♣....≈≈.≈≈≈≈≈.♣ ♣♣..♣≈.♣♣
♣♣♣....§≈≈...♣♣ ♣♣.≈...♣♣
♣.♣♣♣♣...≈≈♣♣ ♣♣≈♣≈≈.♣
♣♣...≈≈♣..≈.♣ ♣≈.≈.♣♣
♣....≈♣♣≈≈♣♣ ♣♣≈≈.♣
♣..≈≈.♣♣..♣ ♣≈♣.♣♣


You could see a swamp worm.

Vanquished Creatures
  Kirke (D:15)
  2 orc warlords
  A reaper (IceCv)
  An ettin (D:15)
  Snorg (D:12)
  A great orb of eyes (shapeshifter) (D:15)
  An ice dragon (Lair:6)
  2 catoblepae
  Harold (D:12)
  7 hydras
  14 two-headed ogres
  4 centaur warriors
  4 alligators (Swamp:1)
  An ogre mage (D:15)
  4 orc high priests (Orc:2)
  18 death yaks (Lair:6)
  A tengu warrior (D:15)
  Nergalle (Lair:4)
  3 spriggans
  3 skeletal warriors (D:14)
  An unseen horror (D:15)
  A spriggan druid (Swamp:2)
  A deep troll (D:15)
  The ghost of Burgietje the Fighter, a novice MiFi (D:6)
  A deep elf archer (D:15)
  2 lindwurms (Lair:6)
  2 deep elf magi
  3 wizards (D:14)
  4 orc knights
  A wolf spider zombie (D:14)
  5 ugly things
  4 orc sorcerers (Orc:2)
  2 manticores (D:12)
  5 cyclopes
  Joseph (D:10)
  Maurice (Orc:2)
  3 black mambas
  2 ice statues (IceCv)
  5 torpor snails (Lair:6)
  14 spiny frogs
  3 gargoyles
  A rime drake (Lair:3)
  A kobold demonologist (D:15)
  A redback zombie (D:15)
  2 efreet
  9 ice devils (IceCv)
  A tengu conjurer (D:15)
  14 komodo dragons
  9 trolls
  5 tyrant leeches
  A queen bee (shapeshifter) (D:15)
  3 polar bears (Lair:5)
  14 hornets
  16 blink frogs
  4 bog bodies (Swamp:1)
  10 hippogriffs
  13 slime creatures
  Sigmund (D:3)
  2 vampires
  A shadow (Swamp:1)
  3 wyverns
  3 hogs (D:15)
  4 wraiths
  2 basilisks
  36 yaks
  7 hungry ghosts
  5 wargs
  9 vampire mosquitoes
  7 swamp worms
  3 insubstantial wisps (Swamp:1)
  2 two-headed ogre zombies (D:12)
  2 hell hounds (D:11)
  8 water moccasins
  4 acid dragons
  A soldier ant (D:11)
  4 swamp drakes (Swamp:1)
  9 porcupines
  20 orc warriors
  2 hornet zombies
  7 sky beasts
  3 black bears
  11 ice beasts
  A phantom (D:7)
  4 boggarts (D:15)
  9 ogres
  6 wolves (Lair:3)
  13 centaurs
  11 crocodiles
  A big kobold (D:13)
  15 bullfrogs
  A gnoll sergeant (D:7)
  A scorpion (D:8)
  5 killer bees (D:10)
  14 wights (D:12)
  4 howler monkeys
  6 crimson imps
  A quasit (D:10)
  3 centaur zombies
  16 orc priests
  A bullfrog skeleton (D:5)
  9 hounds
  5 jellies
  2 centaur skeletons
  3 iguanas
  22 orc wizards
  7 worker ants
  2 hell rats (Lair:2)
  6 ogre zombies (D:12)
  18 gnolls
  A worker ant zombie (D:10)
  2 howler monkey skeletons
  7 river rats (Lair:2)
  12 adders
  8 shadow imps
  8 white imps (IceCv)
  5 ufetubi (IceCv)
  An ooze (D:3)
  2 adder skeletons
  2 dart slugs
  3 leopard geckos
  46 orcs
  6 giant cockroaches
  15 goblins
  7 hobgoblins
  8 jackals
  3 quokkas
  3 ball pythons
  4 bats
  6 frilled lizards
  2 goblin skeletons (D:12)
  3 goblin zombies (D:12)
  6 hobgoblin zombies (D:12)
  A jackal skeleton (D:4)
  A jackal zombie (D:6)
  27 kobolds
  2 leopard gecko skeletons
  An orc skeleton (D:12)
  13 orc zombies (D:12)
  2 quokka zombies
  7 rats (D:2)
  A fungus (Orc:2)
  4 plants (Lair:6)
798 creatures vanquished.

Vanquished Creatures (collateral kills)
  2 yaks (D:10)
  A phantom (D:2)
  An orc priest (D:6)
  An iguana (D:4)
  A worker ant (D:6)
  2 worms
  An orc (D:12)
  A bat (D:3)
  A frilled lizard (D:3)
11 creatures vanquished.

Vanquished Creatures (others)
  An alligator (Swamp:2)
  2 humans (D:15)
  A jelly (D:15)
  3 white imps (IceCv)
  5 ufetubi (IceCv)
  2 orcs
  2 fungi
  7 plants
23 creatures vanquished.

Grand Total: 832 creatures vanquished

Notes
Turn   | Place    | Note
-------+----------+-------------------------------------------
     0 | D:1      | Jynx the Merfolk Transmuter began the quest for the Orb.
     0 | D:1      | Reached XP level 1. HP: 15/15 MP: 3/3
   382 | D:1      | Reached XP level 2. HP: 4/21 MP: 3/5
  1261 | D:2      | Reached XP level 3. HP: 26/26 MP: 4/6
  1842 | D:2      | Found a shattered altar of Ashenzari.
  2138 | D:3      | Noticed Sigmund
  2144 | D:2      | Learned a level 2 spell: Sticks to Snakes
  2148 | D:2      | Learned a level 3 spell: Spider Form
  2237 | D:2      | Reached XP level 4. HP: 33/33 MP: 3/7
  2810 | D:3      | Noticed a phantom
  3285 | D:2      | Killed a phantom
  3285 | D:2      | Reached skill level 1 in Poison Magic
  3285 | D:2      | Reached XP level 5. HP: 16/39 MP: 4/9
  3526 | D:3      | Killed Sigmund
  3526 | D:3      | Reached skill level 5 in Transmutations
  3526 | D:3      | Reached XP level 6. HP: 34/46 MP: 4/10
  4300 | D:3      | Learned a level 5 spell: Blade Hands
  4425 | D:4      | Got a wavering glass ring
  4923 | D:4      | Identified the ring "Vorphy" {*Tele +Blink rC++ rN+ Stlth-} (You found it on level 4 of the Dungeon)
  4930 | D:5      | Entered Level 5 of the Dungeon
  5021 | D:5      | Reached XP level 7. HP: 49/52 MP: 8/11
  5779 | D:5      | Found a staircase to the Ecumenical Temple.
  5785 | Temple   | Entered the Ecumenical Temple
  5856 | Temple   | Became a worshipper of Warmaster Okawaru
  6243 | D:5      | Found a bloodstained altar of Trog.
  6253 | D:5      | Found a glowing golden altar of the Shining One.
  6258 | D:5      | Found a glowing silver altar of Zin.
  6467 | D:6      | Noticed Burgietje's ghost (novice MiFi)
  6782 | D:5      | Noticed a hippogriff
  6793 | D:5      | Killed a hippogriff
  6793 | D:5      | Reached * piety under Okawaru
  6793 | D:5      | Reached XP level 8. HP: 21/59 MP: 10/14
  6799 | D:5      | Learned a level 4 spell: Ice Form
  7066 | D:6      | Reached skill level 5 in Unarmed Combat
  7408 | D:6      | Killed Burgietje's ghost
  7937 | D:6      | Reached ** piety under Okawaru
  8162 | D:7      | Reached XP level 9. HP: 59/66 MP: 11/16
  8658 | D:6      | Reached skill level 5 in Fighting
  8658 | D:6      | Reached skill level 5 in Spellcasting
  9095 | D:7      | Reached skill level 10 in Transmutations
 10608 | D:8      | Reached *** piety under Okawaru
 10608 | D:8      | Reached skill level 1 in Invocations
 10608 | D:8      | Reached XP level 10. HP: 57/76 MP: 12/18
 10751 | D:8      | Found a hazy altar of Hepliaklqana.
 11113 | D:9      | Reached skill level 3 in Dodging
 11928 | D:9      | Noticed a two-headed ogre
 11941 | D:9      | Killed a two-headed ogre
 11941 | D:9      | Reached **** piety under Okawaru
 11941 | D:9      | Reached skill level 4 in Dodging
 12865 | D:10     | Entered Level 10 of the Dungeon
 12870 | D:10     | Reached skill level 5 in Dodging
 14003 | D:10     | Noticed Joseph
 14014 | D:10     | Killed Joseph
 14017 | D:10     | Reached ***** piety under Okawaru
 14017 | D:10     | Reached skill level 6 in Dodging
 14021 | D:10     | Reached skill level 5 in Invocations
 14026 | D:10     | Reached XP level 11. HP: 43/86 MP: 10/19
 14783 | D:10     | Noticed a two-headed ogre
 14792 | D:10     | Killed a two-headed ogre
 14792 | D:10     | Reached skill level 7 in Dodging
 15172 | D:11     | Found a frozen archway.
 15212 | IceCv    | Entered an ice cave
 15323 | IceCv    | Noticed a reaper
 15434 | IceCv    | Received a gift from Okawaru
 15461 | IceCv    | Reached skill level 8 in Dodging
 15590 | IceCv    | Received a gift from Okawaru
 15606 | IceCv    | Got a dazzling scarf {god gift}
 15622 | IceCv    | Killed a reaper
 16051 | D:11     | Identified the scarf of Henotheism {rPois Slay+6 Stlth+} (Okawaru gifted it to you in an ice cave)
 16078 | D:11     | Reached skill level 10 in Unarmed Combat
 16078 | D:11     | Reached XP level 12. HP: 62/96 MP: 14/20
 16438 | D:11     | Noticed a two-headed ogre
 16446 | D:11     | Killed a two-headed ogre
 16446 | D:11     | Reached skill level 9 in Dodging
 16617 | D:11     | Found a staircase to the Lair.
 16796 | D:11     | Reached skill level 10 in Fighting
 16998 | D:12     | Noticed a two-headed ogre
 17005 | D:12     | Killed a two-headed ogre
 17106 | D:12     | Found a staircase to the Orcish Mines.
 17126 | D:12     | Noticed a two-headed ogre
 17142 | D:12     | Killed a two-headed ogre
 17142 | D:12     | Reached ****** piety under Okawaru
 17290 | D:12     | Noticed a two-headed ogre
 17296 | D:12     | Killed a two-headed ogre
 17329 | D:12     | Found a snail-covered altar of Cheibriados.
 17366 | D:12     | Received a gift from Okawaru
 17370 | D:12     | Reached skill level 10 in Dodging
 17978 | D:12     | Noticed a two-headed ogre
 17986 | D:12     | Noticed Harold
 17986 | D:12     | Killed a two-headed ogre
 18002 | D:12     | Killed Harold
 18002 | D:12     | Reached XP level 13. HP: 81/106 MP: 21/21
 18115 | D:12     | Noticed Snorg
 18123 | D:12     | Reached skill level 11 in Dodging
 18129 | D:12     | Killed Snorg
 18275 | Lair:1   | Entered Level 1 of the Lair of Beasts
 18930 | Lair:2   | Received a gift from Okawaru
 18946 | Lair:2   | Got a pair of ichor-stained boots {god gift}
 18957 | Lair:2   | Identified the +1 pair of boots of Claustrophobia {rF+ Int+3} (Okawaru gifted it to you on level 2 of the Lair of Beasts)
 19681 | Lair:2   | Reached skill level 12 in Dodging
 19715 | Lair:2   | Identified a scroll of acquirement
 19718 | Lair:2   | Got a clouded platinum ring
 19742 | Lair:2   | Found a staircase to the Swamp.
 20267 | Lair:3   | Found a hole to the Spider Nest.
 20731 | Lair:3   | Identified the ring of Acwur {Wiz *Corrode rPois MR+++ SInv} (You acquired it on level 2 of the Lair of Beasts)
 21036 | Lair:4   | Noticed Nergalle
 21097 | Lair:4   | Killed Nergalle
 21192 | Lair:4   | Reached skill level 13 in Dodging
 21585 | Lair:4   | Received a gift from Okawaru
 21585 | Lair:4   | Reached XP level 14. HP: 116/116 MP: 15/22
 21896 | Lair:5   | Received a gift from Okawaru
 22165 | Lair:5   | Found a viscous altar of Jiyva.
 22166 | Lair:5   | Found a staircase to the Slime Pits.
 22433 | Lair:5   | Found a glowing silver altar of Zin.
 22732 | Lair:5   | Reached skill level 1 in Stealth
 22926 | Lair:6   | Entered Level 6 of the Lair of Beasts
 23502 | Lair:6   | Reached skill level 14 in Dodging
 23769 | Lair:6   | Found a runed door.
 24194 | Lair:6   | Reached skill level 5 in Stealth
 24551 | Lair:6   | Received a gift from Okawaru
 24616 | Lair:6   | Reached XP level 15. HP: 105/126 MP: 6/23
 25299 | Orc:1    | Entered Level 1 of the Orcish Mines
 25361 | Orc:1    | Found a roughly hewn altar of Beogh.
 25451 | Orc:1    | Reached skill level 15 in Dodging
 25594 | Orc:1    | Received a gift from Okawaru
 25604 | Orc:1    | Got a pair of translucent boots {god gift}
 25615 | Orc:1    | Identified the +0 pair of boots of Objectivity {*Slow rElec Dex+5} (Okawaru gifted it to you on level 1 of the Orcish Mines)
 25829 | Orc:2    | Entered Level 2 of the Orcish Mines
 25878 | Orc:2    | Noticed Maurice
 25910 | Orc:2    | Killed Maurice
 25931 | Orc:2    | Found Jucueryss's Food Boutique.
 26020 | Orc:2    | Noticed an orc warlord
 26957 | Orc:2    | Killed an orc warlord
 27013 | Orc:2    | Found Egoc's Antique Weapon Emporium.
 27015 | Orc:2    | Found Pasijiq's Book Shop.
 27107 | Orc:2    | Found Vuteomi's General Store.
 27172 | Orc:2    | Found Ahean's Antique Armour Shoppe.
 27577 | Orc:2    | Found a staircase to the Elven Halls.
 28693 | D:13     | Found a flagged portal.
 28702 | Bailey   | Entered a bailey
 28709 | Bailey   | Noticed an orc warlord
 28812 | Bailey   | Found a runed gate.
 28814 | Bailey   | Found a runed gate.
 28815 | Bailey   | Found a runed gate.
 28968 | Bailey   | Killed an orc warlord
 28968 | Bailey   | Reached skill level 15 in Fighting
 29007 | Bailey   | Got a clouded jade ring
 29008 | Bailey   | Identified the ring "Xuoj" {rF- rC+ rN+ Int+7 Slay+5} (You acquired it in a bailey)
 29023 | Bailey   | Got a pair of fine boots
 29034 | Bailey   | Identified the +0 pair of boots of Catatonia {rC++ Regen+ Int+3 Dex-5} (You acquired it in a bailey)
 29584 | D:14     | Found a gate to the Vaults.
 29701 | D:14     | Received a gift from Okawaru
 29703 | D:14     | Reached skill level 16 in Dodging
 29986 | D:14     | Reached XP level 16. HP: 24/136 MP: 9/24
 30690 | D:15     | Entered Level 15 of the Dungeon
 31129 | D:15     | Noticed Kirke
 31143 | D:15     | Noticed a sphinx
 31144 | D:15     | Killed Kirke
 31589 | D:15     | Received a gift from Okawaru
 31590 | D:15     | Got a crystal short sword {god gift}
 31614 | D:15     | Found a staircase to the Depths.
 31950 | Swamp:1  | Entered Level 1 of the Swamp
 32650 | Swamp:1  | Reached skill level 17 in Dodging
 32826 | Swamp:1  | Got a pitted scarf
 32837 | Swamp:1  | Identified the scarf of Vexation {Str-5 Dex+6 SInv} (You acquired it on level 1 of the Swamp)
 33035 | Swamp:1  | HP: 3/138 [swamp worm (20)]
 33037 | Swamp:1  | Demolished by a swamp worm

Skill      XL: |  1  2  3  4  5  6  7  8  9 10 11 12 13 14 15 16 |
---------------+-------------------------------------------------+-----
Transmutations | 3 4 5 7 9 10 11 12 13 | 13.3
Fighting       | 2 3 4 6 7 9 11 12 14 15 | 15.9
Unarmed Combat | 4 5 7 8 10 11 12 14 | 14.8
Poison Magic   | 1 2 3 |  3.2
Spellcasting   | 3 4 5 |  5.5
Ice Magic      | 2 3 |  3.6
Invocations    | 1 5 7 9 |  9.0
Dodging        | 6 8 10 13 14 16 17 | 17.1
Stealth        | 5 7 9 |  9.4

Action                   |  1- 3 |  4- 6 |  7- 9 | 10-12 | 13-15 | 16-18 || total
-------------------------+-------+-------+-------+-------+-------+-------++-------
Melee: Unarmed           |   128 |   177 |   329 |   574 |   940 |   304 ||  2452
       Headbutt          |    18 |    22 |    42 |    17 |     3 |       ||   102
       Punch             |     1 |     4 |    11 |    21 |    54 |    35 ||   126
       Tailslap          |       |       |       |       |       |     6 ||     6
 Cast: Beastly Appendage |    27 |    28 |    37 |    22 |     3 |       ||   117
       Sticks to Snakes  |     1 |    18 |    25 |    15 |     1 |       ||    60
       Blade Hands       |       |       |    20 |    55 |    98 |    19 ||   192
       Spider Form       |       |       |     1 |     4 |       |       ||     5
       Ice Form          |       |       |       |       |     7 |     2 ||     9
Invok: Heroism           |       |       |       |     9 |    32 |     6 ||    47
       Finesse           |       |       |       |     2 |     9 |     4 ||    15
  Use: Scroll            |     4 |     3 |    12 |    14 |    18 |     4 ||    55
       Potion            |       |     2 |     2 |     5 |       |       ||     9
 Stab: Distracted        |       |     1 |     1 |       |     3 |       ||     5
       Invisible         |       |       |       |     1 |       |       ||     1
       Sleeping          |       |       |       |     2 |    17 |     3 ||    22
  Eat: Chunk             |     4 |     7 |    22 |    41 |    64 |    15 ||   153
       Bread ration      |       |     1 |       |     1 |     1 |       ||     3
       Meat ration       |       |       |     1 |       |       |       ||     1
       Fruit             |       |       |     1 |     3 |     2 |     2 ||     8
Armor: Robe              |    23 |    24 |    35 |    74 |    54 |    17 ||   227
       Skin              |       |       |       |       |     6 |     1 ||     7
Dodge: Dodged            |    92 |   112 |   319 |   542 |   790 |   333 ||  2188
